[Event "Titled Tuesday Blitz April 25 Early 2023"]
[White "Wong, Yinn Long"]
[Black "Bagrationi, Alexander"]
[WhiteFideId "5707684"]
[BlackFideId "14104954"]
[WhiteElo "2271"]
[BlackElo "2398"]
[Result "0-1"]
[Round "02"]
[TimeControl "180+2"]
[Date "2023.04.25"]
[WhiteClock "0:00:05"]
[BlackClock "0:00:07"]

1. b3 d5 2. Bb2 Bf5 3. g3 Nf6 4. Bg2 e6 5. d3 Nbd7 6. Nd2 h6 7. e4 Bh7 8. Nh3 c6 9. e5 Ng8 10. Nf4 Qc7 11. Qe2 Ne7 12. h4 Ng6 13. Nxg6 Bxg6 14. h5 Bf5 15. g4 Bh7 16. f4 O-O-O 17. O-O-O Kb8 18. Bh3 Qa5 19. Kb1 Ba3 20. f5 Bxb2 21. Kxb2 Nb6 22. fxe6 fxe6 23. Rhf1 Qb4 24. Kc1 Qc3 25. Kb1 Rhf8 26. Rxf8 Rxf8 27. Rf1 Rxf1+ 28. Nxf1 a5 29. a4 Qb4 30. Kc1 d4 31. Bg2 Nd5 32. Bxd5 cxd5 33. Kd1 Qc3 34. Qd2 Qa1+ 35. Ke2 b6 36. Nh2 Qg1 37. Kf3 Qh1+ 38. Qg2 Qd1+ 39. Kg3 Qe1+ 40. Qf2 Qxe5+ 41. Kh3 Qf6 42. Qg3+ e5 43. Nf3 Kb7 44. Nxe5 g6 45. hxg6 Bxg6 46. Nxg6 Qxg6 47. Qf3 Qg5 48. Qf7+ Kc6 49. Qe6+ Kc5 50. Qe8 Qe3+ 51. Qxe3 dxe3 52. Kg2 Kd4 53. Kf1 Kc3 54. Ke2 d4 55. Kd1 Kb2 0-1


[Site "https://www.chess.com"]

[Event "Titled Tuesday Blitz April 25 Early 2023"]
[White "Karas, Marek"]
[Black "Deepan Chakkravarthy J."]
[WhiteFideId "14928558"]
[BlackFideId "5011132"]
[WhiteElo "2233"]
[BlackElo "2367"]
[Result "0-1"]
[Round "02"]
[TimeControl "180+2"]
[Date "2023.04.25"]
[WhiteClock "0:00:43"]
[BlackClock "0:01:30"]

1. d4 d6 2. Nf3 g6 3. c4 Bg7 4. Nc3 Nf6 5. Bg5 O-O 6. e3 c5 7. Be2 h6 8. Bh4 Nc6 9. O-O cxd4 10. exd4 g5 11. Bg3 Nh5 12. Qd2 Nxg3 13. hxg3 g4 14. Nh4 Nxd4 15. Bd3 a6 16. Rfe1 e5 17. Ne2 Nxe2+ 18. Qxe2 f5 19. Qc2 Qg5 20. Rad1 Be6 21. b3 Rad8 22. Qd2 e4 23. Re2 d5 24. Bc2 dxc4 25. Qe1 Rxd1 26. Qxd1 Rd8 27. Qe1 c3 28. f3 gxf3 29. gxf3 Rd2 30. fxe4 Rxe2 31. Qxe2 Qxg3+ 32. Ng2 Bd4+ 33. Kf1 f4 34. Qh5 Qf2# 0-1


[Site "https://www.chess.com"]

[Event "Titled Tuesday Blitz April 25 Early 2023"]
[White "Liyanage, Ranindu Dilshan"]
[Black "Romkachess"]
[WhiteFideId "9915834"]
[WhiteElo "2199"]
[BlackElo "2489"]
[Result "1-0"]
[Round "02"]
[TimeControl "180+2"]
[Date "2023.04.25"]
[WhiteClock "0:00:30"]
[BlackClock "0:00:07"]

1. e4 c5 2. Nc3 d6 3. f4 Nc6 4. Nf3 g6 5. Bb5 Bd7 6. Bc4 Bg7 7. d3 e6 8. f5 exf5 9. O-O Nf6 10. Qe1 O-O 11. Qh4 Na5 12. exf5 Nxc4 13. dxc4 Bxf5 14. Bg5 h6 15. Bxh6 Bxh6 16. Qxh6 Ng4 17. Qf4 Re8 18. Rfe1 Qf6 19. h3 Ne5 20. Nxe5 dxe5 21. Qf3 Qg5 22. Nd5 Rad8 23. Re2 e4 24. Qc3 Re6 25. Kh1 b6 26. g4 Bxg4 27. hxg4 Qxg4 28. Rh2 Rxd5 29. cxd5 1-0


[Site "https://www.chess.com"]

[Event "Titled Tuesday Blitz April 25 Early 2023"]
[White "Fieberg, Samuel"]
[Black "Wagner, Dennis"]
[WhiteFideId "12901717"]
[BlackFideId "24650684"]
[WhiteElo "2486"]
[BlackElo "2470"]
[Result "0-1"]
[Round "02"]
[TimeControl "180+2"]
[Date "2023.04.25"]
[WhiteClock "0:00:10"]
[BlackClock "0:01:07"]

1. e4 e5 2. Nf3 Nc6 3. d4 exd4 4. Nxd4 Nf6 5. Nxc6 bxc6 6. Nd2 Bc5 7. Bd3 O-O 8. O-O d6 9. h3 Re8 10. Qf3 a5 11. Nb3 Bb6 12. Bg5 a4 13. Bxf6 Qxf6 14. Qxf6 gxf6 15. Nd2 Be6 16. c3 Reb8 17. Bc4 d5 18. Bd3 Ba5 19. exd5 cxd5 20. Rab1 c5 21. Rfd1 a3 22. b4 cxb4 23. cxb4 Bxb4 24. Nf3 Bc3 25. Rxb8+ Rxb8 26. Rc1 d4 27. Rc2 Rb1+ 28. Kh2 Ra1 29. Nh4 Rxa2 30. Rc1 Rxf2 31. Kg3 Rd2 32. Bf5 a2 0-1


[Site "https://www.chess.com"]

[Event "Titled Tuesday Blitz April 25 Early 2023"]
[White "Szpar, Milosz"]
[Black "Sliwicki, Damian"]
[WhiteFideId "1184989"]
[BlackFideId "1127128"]
[WhiteElo "2436"]
[BlackElo "2030"]
[Result "1-0"]
[Round "02"]
[TimeControl "180+2"]
[Date "2023.04.25"]
[WhiteClock "0:00:21"]
[BlackClock "0:00:01"]

1. e4 c5 2. Nf3 g6 3. c3 Bg7 4. d4 cxd4 5. cxd4 d5 6. e5 a6 7. h3 Nc6 8. Nc3 f6 9. Bf4 fxe5 10. dxe5 e6 11. Bd3 Nge7 12. O-O O-O 13. Qd2 Nf5 14. Rfe1 b5 15. Rac1 Bd7 16. Ne2 Qb6 17. Bxf5 Rxf5 18. Ned4 Rf7 19. Nxc6 Bxc6 20. Nd4 Bd7 21. Bg3 Raf8 22. b4 h5 23. Qd3 h4 24. Bh2 Rxf2 25. a3 Kh7 26. Rc5 Qd8 27. Nf3 Rb2 28. Qc3 Ra2 29. Qb3 Rxf3 30. Qxa2 Qg5 31. Kh1 Rd3 32. Rc2 d4 33. Qb1 Rc3 34. Qc1 Re3 35. Rc7 Be8 36. Bg1 Qxe5 37. Bxe3 dxe3 38. Rxe3 Qg5 39. Qc3 1-0


[Site "https://www.chess.com"]

[Event "Titled Tuesday Blitz April 25 Early 2023"]
[White "Yeritsyan, Hayk"]
[Black "Pakleza, Zbigniew"]
[WhiteFideId "13307320"]
[BlackFideId "1119290"]
[WhiteElo "2459"]
[BlackElo "2410"]
[Result "0-1"]
[Round "02"]
[TimeControl "180+2"]
[Date "2023.04.25"]
[WhiteClock "0:00:02"]
[BlackClock "0:00:07"]

1. Nf3 d5 2. b3 Nf6 3. Bb2 Bf5 4. e3 e6 5. c4 c6 6. Be2 Nbd7 7. O-O h6 8. d3 Bd6 9. Nbd2 Qe7 10. a3 O-O 11. Qc2 e5 12. e4 Bh7 13. Rfe1 dxe4 14. Nxe4 Nxe4 15. dxe4 a5 16. Bf1 Rfd8 17. Qc3 g5 18. g3 f6 19. Bh3 Nc5 20. Bf5 Bc7 21. Rad1 Rxd1 22. Rxd1 Nxe4 23. Bxh7+ Qxh7 24. Qe3 Rd8 25. Rxd8+ Bxd8 26. b4 axb4 27. axb4 Nd6 28. Nxe5 Qb1+ 29. Kg2 fxe5 30. Qd2 Nf7 31. f3 Bf6 32. g4 Kg7 33. Bc3 Qb3 34. Qd3 b5 35. cxb5 cxb5 36. Qe3 Qc4 37. Kg3 Qf4+ 38. Kf2 Qxe3+ 39. Kxe3 Nd6 40. Kd3 Kf7 41. Ke3 Ke6 42. Be1 Kd5 43. Kd3 e4+ 44. fxe4+ Nxe4 45. Ke3 Bc3 46. Bxc3 Nxc3 47. Kd3 Na2 0-1


[Site "https://www.chess.com"]

[Event "Titled Tuesday Blitz April 25 Early 2023"]
[White "Samunenkov, Ihor"]
[Black "Melikhov, Evgeny V."]
[WhiteFideId "14187086"]
[BlackFideId "4122046"]
[WhiteElo "2457"]
[BlackElo "2158"]
[Result "1-0"]
[Round "02"]
[TimeControl "180+2"]
[Date "2023.04.25"]
[WhiteClock "0:00:05"]
[BlackClock "0:00:02"]

1. e4 e5 2. Nf3 Nc6 3. Bb5 a6 4. Ba4 Nf6 5. Nc3 b5 6. Bb3 Be7 7. O-O d6 8. h3 O-O 9. a3 Be6 10. Bxe6 fxe6 11. d4 exd4 12. Nxd4 Nxd4 13. Qxd4 e5 14. Qd3 c6 15. Be3 Nh5 16. Ne2 d5 17. c3 Nf4 18. Bxf4 exf4 19. Nd4 Qd7 20. Rfe1 Bc5 21. Nf3 Rae8 22. exd5 Qxd5 23. Qxd5+ cxd5 24. Kf1 Rxe1+ 25. Rxe1 Rd8 26. Re6 a5 27. Rc6 Bf8 28. b4 axb4 29. axb4 Ra8 30. Nd4 Ra2 31. Nxb5 f3 32. gxf3 Rc2 33. Nd4 Rb2 34. b5 Be7 35. b6 Bh4 36. Nf5 Bxf2 37. Nd6 Bxb6 38. Rc8+ 1-0


[Site "https://www.chess.com"]

[Event "Titled Tuesday Blitz April 25 Early 2023"]
[White "Bilych, Olexiy"]
[Black "Balla, Tamas-Kristof"]
[WhiteFideId "14156504"]
[BlackFideId "1208497"]
[WhiteElo "2320"]
[BlackElo "2334"]
[Result "1-0"]
[Round "02"]
[TimeControl "180+2"]
[Date "2023.04.25"]
[WhiteClock "0:00:14"]
[BlackClock "0:00:07"]

1. Nf3 c5 2. e4 Nc6 3. d4 cxd4 4. Nxd4 e5 5. Nb5 d6 6. c4 Be7 7. Be2 f5 8. exf5 Bxf5 9. O-O Nf6 10. Be3 O-O 11. N1c3 a6 12. Na3 Qd7 13. Nd5 Rae8 14. Nc2 Bd8 15. Rc1 Kh8 16. b4 Ng4 17. b5 axb5 18. cxb5 Ne7 19. Ncb4 Nxd5 20. Nxd5 Nxe3 21. Nxe3 Bb6 22. Bc4 Bxe3 23. fxe3 Be4 24. Bd3 Rxf1+ 25. Qxf1 Bxd3 26. Qxd3 d5 27. h3 d4 28. exd4 exd4 29. a4 h6 30. Rd1 Rd8 31. a5 Qd6 32. Ra1 Qb4 33. a6 bxa6 34. bxa6 Ra8 35. Qe4 Ra7 36. Rc1 Qf8 37. Qe6 Re7 38. Rc8 Rxe6 39. Rxf8+ Kh7 40. a7 1-0


[Site "https://www.chess.com"]

[Event "Titled Tuesday Blitz April 25 Early 2023"]
[White "Dixit, Nikhil"]
[Black "Dimitrov, Atanas"]
[WhiteFideId "5059534"]
[BlackFideId "2901315"]
[WhiteElo "2207"]
[BlackElo "2711"]
[Result "1-0"]
[Round "02"]
[TimeControl "180+2"]
[Date "2023.04.25"]
[WhiteClock "0:00:14"]
[BlackClock "0:00:01"]

1. e4 c5 2. Nf3 d6 3. Bb5+ Bd7 4. Bxd7+ Nxd7 5. O-O Ngf6 6. Re1 g6 7. c3 c4 8. b3 b5 9. a4 a6 10. axb5 axb5 11. Rxa8 Qxa8 12. Na3 Qc6 13. Nd4 Qb7 14. bxc4 bxc4 15. Nxc4 Bg7 16. Na5 Qc7 17. Ndc6 Nb6 18. d4 O-O 19. Bf4 Nc4 20. Nxc4 Qxc6 21. Qd3 Rc8 22. Nd2 Qxc3 23. Qxc3 Rxc3 24. d5 h6 25. f3 Nd7 26. Be3 f5 27. exf5 gxf5 28. Bf2 Kf7 29. Nf1 Nc5 30. Bxc5 Rxc5 31. Rd1 f4 32. g3 Be5 33. Kg2 Kg6 34. Kh3 h5 35. Kg2 Rc3 36. Rd2 Rc1 37. gxf4 Bxf4 38. Re2 Be5 39. Ne3 Rc5 40. h3 Bf4 41. Kf2 Kf6 42. Ng2 Be5 43. f4 Bd4+ 44. Kf3 Rxd5 45. Nh4 Bc5 46. f5 Rd3+ 47. Kg2 Kf7 48. Re6 Rd2+ 49. Kf3 Rd3+ 50. Kg2 Rd2+ 51. Kf3 Rf2+ 52. Kg3 Rf1 53. Rh6 Bd4 54. Nf3 Bf6 55. Rxh5 Ra1 56. Rh7+ Kg8 57. Rh5 Ra4 58. Rh6 Kg7 59. Rg6+ Kf7 60. Rg4 d5 61. Rxa4 d4 62. Rxd4 1-0


[Site "https://www.chess.com"]

[Event "Titled Tuesday Blitz April 25 Early 2023"]
[White "Panesar Vedant"]
[Black "Gurevich, Dmitry"]
[WhiteFideId "35033018"]
[BlackFideId "2000407"]
[WhiteElo "2278"]
[BlackElo "2506"]
[Result "0-1"]
[Round "02"]
[TimeControl "180+2"]
[Date "2023.04.25"]
[WhiteClock "0:00:02"]
[BlackClock "0:00:20"]

1. e4 c5 2. Nf3 d6 3. d4 cxd4 4. Nxd4 Nf6 5. Nc3 Nc6 6. Bg5 e6 7. Qd3 Be7 8. O-O-O Nxd4 9. Qxd4 O-O 10. f4 a6 11. Kb1 b5 12. e5 dxe5 13. Qxe5 Nd7 14. Qe4 Rb8 15. Bd3 g6 16. Bh6 Re8 17. h4 Bb7 18. Qe2 Bf6 19. Ne4 Bxe4 20. Bxe4 Qc7 21. h5 Nc5 22. hxg6 hxg6 23. Bf3 Na4 24. Rd3 Nxb2 25. Rb3 Na4 26. Qe1 Nc3+ 27. Kc1 Nxa2+ 28. Kb1 Nc3+ 29. Kc1 Rbc8 30. Qf2 Red8 31. g3 a5 32. Qh2 a4 33. Bg5 Bg7 34. Bxd8 Rxd8 35. Rb2 a3 36. Rb3 a2 37. Kb2 Ne2+ 38. Kxa2 Qxc2+ 39. Ka3 Qc5+ 0-1


[Site "https://www.chess.com"]

[Event "Titled Tuesday Blitz April 25 Early 2023"]
[White "KorolDimitriy75"]
[Black "Karthik Rajaa"]
[BlackFideId "25035215"]
[WhiteElo "2422"]
[BlackElo "2215"]
[Result "0-1"]
[Round "02"]
[TimeControl "180+2"]
[Date "2023.04.25"]
[WhiteClock "0:00:02"]
[BlackClock "0:00:16"]

1. d4 Nf6 2. c4 g6 3. Nc3 Bg7 4. e4 d6 5. Nf3 O-O 6. Be2 Nbd7 7. O-O e5 8. Re1 Re8 9. Bf1 a6 10. Rb1 c6 11. b4 exd4 12. Nxd4 Ne5 13. f3 b5 14. cxb5 axb5 15. Be3 Bb7 16. Qb3 Nfd7 17. a4 bxa4 18. Nxa4 Rb8 19. Qc2 Nf6 20. Kh1 Nh5 21. Qd2 d5 22. exd5 cxd5 23. Nc5 Ba8 24. Red1 Nc4 25. Bxc4 dxc4 26. Bg1 Qh4 27. Qf2 Qf4 28. b5 Rbd8 29. Nc6 Rc8 30. Nd7 Bxc6 0-1


[Site "https://www.chess.com"]

[Event "Titled Tuesday Blitz April 25 Early 2023"]
[White "Spata, German"]
[Black "feuervogel1000000"]
[WhiteFideId "113026"]
[WhiteElo "2238"]
[BlackElo "2397"]
[Result "0-1"]
[Round "02"]
[TimeControl "180+2"]
[Date "2023.04.25"]
[WhiteClock "0:00:02"]
[BlackClock "0:00:47"]

1. Nf3 d5 2. e3 Bg4 3. c4 c6 4. cxd5 cxd5 5. Qb3 Bc8 6. Nc3 Nf6 7. Bb5+ Nc6 8. d4 a6 9. Bxc6+ bxc6 10. Bd2 e6 11. Rc1 Bd7 12. Ne5 c5 13. dxc5 Bxc5 14. Nxd5 Nxd5 15. Rxc5 Bb5 16. a4 Qd6 17. Rc1 Qxe5 18. axb5 O-O 19. O-O axb5 20. Bc3 Nxc3 21. Rxc3 Rac8 22. Rfc1 Rxc3 23. Qxc3 Qd5 24. h3 h6 25. Qc5 Rd8 26. Qc2 g6 27. g3 Kg7 28. h4 h5 29. Qc3+ e5 30. Qb4 Qd2 31. Qxd2 Rxd2 32. Rc5 Rxb2 33. Rxe5 Kf6 34. Rc5 b4 35. Kg2 b3 36. Kf3 Ke6 37. Rc7 Rc2 38. Rb7 b2 39. e4 Kd6 40. Ke3 Kc6 41. Rb8 Kc5 42. f4 Kc4 43. f5 Rc3+ 44. Kd2 Rb3 45. Rc8+ Kd4 46. Rd8+ Kxe4 0-1


[Site "https://www.chess.com"]

[Event "Titled Tuesday Blitz April 25 Early 2023"]
[White "Fontaine, Quentin"]
[Black "Nouri, Alekhine"]
[WhiteFideId "230804"]
[BlackFideId "5216184"]
[WhiteElo "2237"]
[BlackElo "2151"]
[Result "1/2-1/2"]
[Round "02"]
[TimeControl "180+2"]
[Date "2023.04.25"]
[WhiteClock "0:00:13"]
[BlackClock "0:00:05"]

1. e4 c5 2. Nc3 Nc6 3. f4 g6 4. Nf3 Bg7 5. a4 d6 6. Bb5 Bd7 7. Bxc6 Bxc6 8. d3 Nf6 9. O-O O-O 10. Qe1 e6 11. Qh4 Nd7 12. Qh3 d5 13. e5 d4 14. Ne4 Bxe4 15. Ng5 h6 16. Nxe4 Qc7 17. Bd2 Rac8 18. b3 Qc6 19. Rf3 f5 20. exf6 Nxf6 21. Nxf6+ Rxf6 22. Re1 Rcf8 23. Re4 b6 24. Rf1 a6 25. Rfe1 Re8 26. g4 b5 27. axb5 axb5 28. f5 g5 29. Qg2 c4 30. bxc4 bxc4 31. Rxe6 Rexe6 32. fxe6 Rxe6 33. Qxc6 Rxc6 34. Bb4 c3 35. Kg2 Rb6 36. Bc5 Rb2 37. Re2 Kf7 38. Kf3 Rb5 39. Bd6 Rd5 40. Bg3 Rd7 41. h3 Bf6 42. Be5 Rb7 43. Bxf6 Kxf6 44. Ke4 Re7+ 45. Kf3 Rd7 46. Ke4 Rd8 47. Rf2+ Kg6 48. Ke5 h5 49. Rf6+ Kg7 50. gxh5 Re8+ 51. Re6 Rd8 52. Rd6 Re8+ 53. Kxd4 Re2 54. Kxc3 Rh2 55. Rd5 Kh6 56. d4 Rxh3+ 57. Kc4 Kxh5 58. Rd8 Kg4 59. Rd5 Kf4 60. Rd8 g4 61. d5 Rh1 62. d6 Rd1 63. Kc5 g3 64. c4 g2 65. Rg8 g1=Q+ 66. Rxg1 Rxg1 67. d7 Rd1 68. Kc6 Ke5 69. Kc7 Rxd7+ 70. Kxd7 Kd4 71. Kd6 Kxc4 1/2-1/2


[Site "https://www.chess.com"]

[Event "Titled Tuesday Blitz April 25 Early 2023"]
[White "Javakhadze, Zurab"]
[Black "Gutkin, Ilya"]
[WhiteFideId "13603647"]
[BlackFideId "16203470"]
[WhiteElo "2381"]
[BlackElo "2265"]
[Result "1-0"]
[Round "02"]
[TimeControl "180+2"]
[Date "2023.04.25"]
[WhiteClock "0:00:05"]
[BlackClock "0:00:02"]

1. Nf3 c5 2. g3 g6 3. Bg2 Bg7 4. O-O Nc6 5. e4 d6 6. Re1 e5 7. d3 Nge7 8. Nc3 O-O 9. Nd2 Be6 10. Nc4 Rb8 11. Ne3 f5 12. Ned5 h6 13. f4 Kh7 14. Be3 Qd7 15. fxe5 Nxe5 16. exf5 Nxf5 17. Bf4 Nd4 18. Ne3 g5 19. Bxe5 Bxe5 20. Be4+ Kh8 21. Ncd5 Qg7 22. c3 Nc6 23. Qh5 Rf7 24. Rf1 Rbf8 25. Ng4 Rxf1+ 26. Rxf1 Rxf1+ 27. Kxf1 Bxg4 28. Qxg4 Qf7+ 29. Ke2 Kg7 30. Qc8 h5 31. Ne3 Ne7 32. Qxb7 d5 33. Bxd5 Nxd5 34. Qxf7+ Kxf7 35. Nxd5 Ke6 36. Ne3 Bf6 37. Kf3 Be5 38. Ke4 Bc7 39. Nf5 g4 40. d4 cxd4 41. cxd4 Kf6 42. d5 Be5 43. b4 Bc3 44. b5 Ba5 45. a4 Bc7 46. d6 Bb6 47. Nd4 1-0


[Site "https://www.chess.com"]

[Event "Titled Tuesday Blitz April 25 Early 2023"]
[White "HSH1987"]
[Black "Real_taiatai"]
[WhiteElo "2692"]
[BlackElo "2359"]
[Result "1-0"]
[Round "02"]
[TimeControl "180+2"]
[Date "2023.04.25"]
[WhiteClock "0:00:30"]
[BlackClock "0:00:10"]

1. Nf3 Nf6 2. g3 d5 3. Bg2 Bg4 4. O-O c6 5. b3 Nbd7 6. Bb2 e6 7. d4 h6 8. Nbd2 Be7 9. Re1 O-O 10. e4 dxe4 11. Nxe4 Nxe4 12. Rxe4 Bf5 13. Re1 Nf6 14. c4 a5 15. a3 Qb6 16. c5 Qa6 17. Ne5 Rfd8 18. Qc1 Nd5 19. Qc4 Bf6 20. Bf1 Qxc4 21. bxc4 Ne7 22. f4 Bxe5 23. fxe5 Rd7 24. Kf2 Rad8 25. Ke3 Bg4 26. Bd3 Bf5 27. Be2 Bg6 28. g4 h5 29. h3 hxg4 30. hxg4 f6 31. exf6 gxf6 32. Bc3 Kf7 33. Bxa5 Rh8 34. Rh1 Rxh1 35. Rxh1 f5 36. Rh8 fxg4 37. Bxg4 Nf5+ 38. Bxf5 Bxf5 39. Be1 Kg6 40. Rb8 Rh7 41. Bg3 Kg5 42. a4 Rh3 43. Kf2 Rh7 44. Rg8+ Kf6 45. Be5+ Kf7 46. Rb8 Kg6 47. Ke3 Bc2 48. a5 Rh3+ 49. Kd2 Bb3 50. Rxb7 Bxc4 51. Rb6 Ra3 52. Rxc6 Rxa5 53. Rd6 Kf5 54. c6 Ra8 55. c7 Rc8 56. Rd8 Ba6 57. Kc3 Ke4 58. Kb4 Bb7 59. Kc5 1-0


[Site "https://www.chess.com"]

[Event "Titled Tuesday Blitz April 25 Early 2023"]
[White "Hoffmann, Asa"]
[Black "Horvath, Dominik"]
[WhiteFideId "2001470"]
[BlackFideId "1642561"]
[WhiteElo "2117"]
[BlackElo "2407"]
[Result "0-1"]
[Round "02"]
[TimeControl "180+2"]
[Date "2023.04.25"]
[WhiteClock "0:00:01"]
[BlackClock "0:00:48"]

1. d4 Nf6 2. Bg5 Ne4 3. Bf4 c5 4. f3 Qa5+ 5. c3 Nf6 6. d5 Qb6 7. e4 Qxb2 8. Nd2 d6 9. Nc4 Qxc3+ 10. Bd2 Qd4 11. Rc1 Nfd7 12. Ne2 Qf6 13. Bc3 Qh6 14. a4 Na6 15. h4 Nb4 16. g4 f6 17. Ng3 Ne5 18. Nxe5 fxe5 19. Bd2 Qf6 20. g5 Qf7 21. h5 a5 22. Kf2 e6 23. Bb5+ Bd7 24. g6 Qe7 25. Be3 Bxb5 26. axb5 hxg6 27. hxg6 Rxh1 28. Qxh1 Nd3+ 29. Ke2 Nxc1+ 30. Bxc1 Qd7 31. dxe6 Qxe6 32. Nf5 O-O-O 33. Bg5 Re8 34. b6 d5 35. Qa1 Qxb6 36. Kf2 c4+ 37. Kg3 Qxg6 38. Qxa5 Qxg5+ 39. Kf2 Kb8 0-1


[Site "https://www.chess.com"]

[Event "Titled Tuesday Blitz April 25 Early 2023"]
[White "Itkis, Boris"]
[Black "Nevednichy, Vladislav"]
[WhiteFideId "1209167"]
[BlackFideId "1205730"]
[WhiteElo "2216"]
[BlackElo "2370"]
[Result "0-1"]
[Round "02"]
[TimeControl "180+2"]
[Date "2023.04.25"]
[WhiteClock "0:00:02"]
[BlackClock "0:01:30"]

1. c4 Nf6 2. Nf3 g6 3. b4 Bg7 4. Bb2 O-O 5. g3 d6 6. Bg2 e5 7. d3 Re8 8. O-O a6 9. Nfd2 c6 10. Nc3 d5 11. Qb3 d4 12. Na4 Bh6 13. Nf3 Nh5 14. Bc1 Bg7 15. c5 Be6 16. Qc2 Nd7 17. a3 Bd5 18. Nb2 b5 19. cxb6 Nxb6 20. Bd2 h6 21. a4 a5 22. bxa5 Nd7 23. Nc4 Qe7 24. Rac1 e4 25. Nh4 e3 26. Be1 Bf6 27. Nf3 exf2+ 28. Rxf2 Bg7 0-1


[Site "https://www.chess.com"]

[Event "Titled Tuesday Blitz April 25 Early 2023"]
[White "Shuvalova, Polina"]
[Black "Zaichenko, Daria"]
[WhiteFideId "24171760"]
[BlackFideId "4197453"]
[WhiteElo "2281"]
[BlackElo "2039"]
[Result "1-0"]
[Round "02"]
[TimeControl "180+2"]
[Date "2023.04.25"]
[WhiteClock "0:01:13"]
[BlackClock "0:00:22"]

1. Nf3 Nf6 2. g3 d5 3. Bg2 e6 4. d4 Be7 5. O-O O-O 6. b3 c5 7. Bb2 Nc6 8. e3 Ne4 9. Nbd2 f5 10. dxc5 Bxc5 11. Qe2 a6 12. Rad1 b5 13. c4 bxc4 14. bxc4 Qb6 15. Nb3 dxc4 16. Qxc4 a5 17. Nxc5 Nxc5 18. Rb1 Qb4 19. Rfc1 Qxc4 20. Rxc4 Rb8 21. Rxc5 Nb4 22. Be5 Rb7 23. a3 Nd3 24. Rxb7 Bxb7 25. Rc7 Bxf3 26. Rxg7+ Kh8 27. Rf7+ Kg8 28. Rxf8+ Kxf8 29. Bd6+ Ke8 30. Bxf3 Kd7 31. Bf8 e5 32. Be2 Nb2 33. f4 exf4 34. exf4 Na4 35. Kf2 Nb6 36. Bc5 Nd5 37. Bb5+ Ke6 38. Bc4 1-0


[Site "https://www.chess.com"]

[Event "Titled Tuesday Blitz April 25 Early 2023"]
[White "Bashirli, Nail"]
[Black "ilya2700"]
[WhiteFideId "13406809"]
[WhiteElo "2322"]
[BlackElo "2290"]
[Result "1-0"]
[Round "02"]
[TimeControl "180+2"]
[Date "2023.04.25"]
[WhiteClock "0:00:54"]
[BlackClock "0:01:07"]

1. e4 c5 2. Nf3 e6 3. d4 cxd4 4. Nxd4 Nf6 5. Nc3 Nc6 6. Be3 Bb4 7. Nxc6 bxc6 8. Bd3 d5 9. e5 Nd7 10. Qg4 Bxc3+ 11. bxc3 g6 12. f4 Qa5 13. Bd2 Nc5 14. O-O Ba6 15. c4 Qxd2 16. Rad1 Qa5 17. f5 Nxd3 18. Rxd3 gxf5 19. Qg7 Rf8 20. Rb1 Bxc4 21. Rh3 Qxa2 22. Rb7 Qa1+ 23. Kf2 Qf1+ 24. Ke3 Qe2+ 25. Kf4 Qe4+ 26. Kg5 O-O-O 27. Rxf7 Rg8 28. Rc7+ Kb8 29. Rb7+ Kc8 30. Rc7+ Kb8 31. Rb7+ Ka8 32. Rxa7+ Kb8 33. Rb7+ Kc8 34. Rc7+ Kb8 35. Rb7+ Ka8 36. Ra3+ Ba6 37. Rxa6# 1-0


[Site "https://www.chess.com"]

[Event "Titled Tuesday Blitz April 25 Early 2023"]
[White "Alahakoon, Isuru"]
[Black "Salimova, Nurgyul"]
[WhiteFideId "9900993"]
[BlackFideId "2915138"]
[WhiteElo "1995"]
[BlackElo "2314"]
[Result "0-1"]
[Round "02"]
[TimeControl "180+2"]
[Date "2023.04.25"]
[WhiteClock "0:00:01"]
[BlackClock "0:00:02"]

1. Nf3 d5 2. e3 Nf6 3. c4 c6 4. d4 Bf5 5. cxd5 cxd5 6. Nc3 Nc6 7. Ne5 Qb6 8. g4 Be6 9. f4 g6 10. g5 Nd7 11. Nxd7 Bxd7 12. Nxd5 Qa5+ 13. Nc3 h6 14. gxh6 Bxh6 15. Bg2 O-O 16. O-O Rad8 17. Bd2 Bf5 18. d5 Nb4 19. e4 Bc8 20. f5 Bg7 21. fxg6 fxg6 22. Kh1 Nd3 23. Qe2 Nxb2 24. Rxf8+ Rxf8 25. Nd1 Na4 26. Bxa5 Bxa1 27. Qb5 b6 28. Qxa4 bxa5 29. Ne3 Be5 30. Ng4 Bf4 31. Nf2 Be3 32. Nd3 Bb6 33. Qb5 Bg4 0-1


[Site "https://www.chess.com"]

[Event "Titled Tuesday Blitz April 25 Early 2023"]
[White "De Silva, L M S T"]
[Black "Grossboss19"]
[WhiteFideId "9953698"]
[WhiteElo "2404"]
[BlackElo "2278"]
[Result "1-0"]
[Round "02"]
[TimeControl "180+2"]
[Date "2023.04.25"]
[WhiteClock "0:00:47"]
[BlackClock "0:00:09"]

1. c4 c5 2. Nc3 Nc6 3. Nf3 g6 4. b3 Bg7 5. Bb2 e6 6. e3 Nge7 7. d4 cxd4 8. Nb5 O-O 9. Nbxd4 d5 10. Be2 Qa5+ 11. Qd2 Qxd2+ 12. Kxd2 dxc4 13. Bxc4 Rd8 14. Ke2 e5 15. Nxc6 Nxc6 16. Ng5 Rd7 17. Rad1 Rc7 18. b4 a6 19. a4 h6 20. Nxf7 Rxf7 21. b5 axb5 22. axb5 Ne7 23. Rd8+ Bf8 24. f3 b6 25. Rhd1 Bb7 26. Rxa8 Bxa8 27. Rd8 Bb7 28. Bxe5 Bc8 29. Bd6 Kg7 30. Bxf7 1-0


[Site "https://www.chess.com"]

[Event "Titled Tuesday Blitz April 25 Early 2023"]
[White "Smith, Garrett L"]
[Black "Bronstein, Or"]
[WhiteFideId "2024829"]
[BlackFideId "2815770"]
[WhiteElo "2259"]
[BlackElo "2356"]
[Result "0-1"]
[Round "02"]
[TimeControl "180+2"]
[Date "2023.04.25"]
[WhiteClock "0:01:13"]
[BlackClock "0:00:58"]

1. e4 c5 2. a3 d5 3. exd5 Qxd5 4. Nc3 Qd8 5. Bc4 Nc6 6. d3 Nf6 7. h3 e6 8. Nf3 Be7 9. O-O O-O 10. Bf4 b6 11. Re1 Bb7 12. Ng5 Nd4 13. Nce4 Nd5 14. Bd2 h6 15. Nf3 Re8 16. c3 Nc6 17. a4 Qc7 18. Qc2 Red8 19. Rad1 Rac8 20. Qb1 Na5 21. Ba2 c4 22. d4 Bc6 23. Qc2 Qd7 24. b3 cxb3 25. Bxb3 Nxb3 0-1


[Site "https://www.chess.com"]

[Event "Titled Tuesday Blitz April 25 Early 2023"]
[White "Skvortsov, Andrei"]
[Black "Chakravarthi Reddy, M"]
[WhiteFideId "24108600"]
[BlackFideId "25009532"]
[WhiteElo "2259"]
[BlackElo "2201"]
[Result "1-0"]
[Round "02"]
[TimeControl "180+2"]
[Date "2023.04.25"]
[WhiteClock "0:00:18"]
[BlackClock "0:00:04"]

1. e4 c5 2. Ne2 d6 3. g3 Nf6 4. Bg2 h5 5. h3 Nc6 6. c3 Bd7 7. d4 cxd4 8. cxd4 Rc8 9. Nbc3 a6 10. f4 e5 11. fxe5 dxe5 12. d5 Nd4 13. Nxd4 exd4 14. Qxd4 Bc5 15. Qe5+ Kf8 16. Qf4 Qb6 17. e5 Re8 18. Kd1 Nh7 19. e6 Bxe6 20. dxe6 Rxe6 21. Rf1 Nf6 22. Kc2 Bd6 23. Qc4 Bxg3 24. Bf4 Bxf4 25. Rxf4 Ke7 26. Rd1 g5 27. Qb4+ Qxb4 28. Rxb4 b5 29. Rbd4 Rc8 30. a4 g4 31. Kb3 bxa4+ 32. Ka3 Re3 33. hxg4 Nxg4 34. Bb7 Rc7 35. Bxa6 Ne5 36. Ka2 Rcxc3 37. bxc3 Rxc3 38. Rxa4 Rc2+ 39. Kb3 Rg2 40. Re1 f6 41. Bb7 Rg3+ 42. Kc2 Kd6 43. Be4 h4 44. Ra6+ Ke7 45. Rb1 1-0


[Site "https://www.chess.com"]

[Event "Titled Tuesday Blitz April 25 Early 2023"]
[White "mestrefeitosa19"]
[Black "Hua, Lefong"]
[BlackFideId "2602253"]
[WhiteElo "2213"]
[BlackElo "2674"]
[Result "1-0"]
[Round "02"]
[TimeControl "180+2"]
[Date "2023.04.25"]
[WhiteClock "0:00:13"]
[BlackClock "0:00:13"]

1. c4 Nf6 2. Nc3 g6 3. Nf3 Bg7 4. e4 d6 5. d4 O-O 6. Be2 Bg4 7. O-O Nfd7 8. h3 Bxf3 9. Bxf3 Nc6 10. Be3 e5 11. d5 Nd4 12. Bxd4 exd4 13. Ne2 d3 14. Qxd3 Bxb2 15. Rab1 Bg7 16. Nd4 a5 17. Bd1 Qf6 18. Nb5 Nc5 19. Qe2 Qe7 20. Re1 Rae8 21. Bc2 f5 22. f3 f4 23. Red1 g5 24. Nd4 Bxd4+ 25. Rxd4 h5 26. Re1 Qf6 27. Qf2 Qe5 28. Red1 Re7 29. Bb1 Rg7 30. Qd2 g4 31. fxg4 hxg4 32. hxg4 Rxg4 33. Rf1 f3 34. Rf2 Rf6 35. Qe3 Rfg6 36. Rdd2 Qa1 37. Qe1 Nxe4 38. Rxf3 Nxd2 39. Qe8+ Kh7 40. Rf7+ Kh6 41. Qh8+ Kg5 42. Rf5# 1-0


[Site "https://www.chess.com"]